 Dungeon Crawl Stone Soup version 0.30.1-1-g62c8e00024 (webtiles) character file.

Game seed: 12603587907011859426

50 Kranky the Trooper (level 3, -1/49 HPs)
             Began as a Minotaur Berserker on July 14, 2023.
             Was a Believer of Trog.
             Slain by a sky beast (6 damage)
             ... on level 3 of the Dungeon.
             The game lasted 00:02:30 (1456 turns).

Kranky the Trooper (Minotaur Berserker)             Turns: 1456, Time: 00:02:31

Health: -1/49      AC:  2    Str: 23    XL:     3   Next: 55%
Magic:  2/2        EV: 12    Int:  4    God:    Trog [**....]
Gold:   73         SH:  0    Dex:  9    Spells: 2/2 levels left

rFire   . . .        a - +0 spear
rCold   . . .        (no shield)
rNeg    . . .        b - +0 animal skin
rPois   .            (helmet restricted)
rElec   .            (no cloak)
rCorr   .            (no gloves)
SInv    .            (no boots)
Will    .....        (no amulet) Stlth
                     (no ring)
HPRegen 0.28/turn    (no ring)
MPRegen 0.08/turn

%: no passive effects
@: berserking, very quick
A: horns 2, retaliatory headbutt
a: Renounce Religion, Berserk, Trog's Hand


You were on level 3 of the Dungeon.
You worshipped Trog.
Trog was pleased with you.
You visited 1 branch of the dungeon, and saw 3 of its levels.

You collected 73 gold pieces.

Inventory:

Hand Weapons
 a - a +0 spear (weapon)
Armour
 b - a +0 animal skin (worn)
Jewellery
 c - a ring of ice
 q - a ring of resist corrosion
Wands
 l - a wand of mindburst (8)
Scrolls
 e - 2 scrolls of silence {unknown}
 g - a scroll of vulnerability {unknown}
 j - a scroll of immolation {unknown}
 k - a scroll of amnesia {unknown}
 o - 2 scrolls of identify {unknown}
 p - a scroll of enchant weapon {unknown}
 r - a scroll of fear {unknown}
Potions
 d - 3 potions of degeneration {unknown}
 f - a potion of might {unknown}
 h - a potion of ambrosia {unknown}
 i - a potion of berserk rage {unknown}
 m - a potion of resistance {unknown}
 n - 2 potions of heal wounds {unknown}


   Skills:
 + Level 4.2 Fighting
 + Level 4.1 Polearms
 + Level 3.2 Armour
 + Level 2.8 Dodging


You had 2 spell levels left.
You didn't know any spells.
Your spell library was empty.

Dungeon Overview and Level Annotations

Branches:
Dungeon (3/15)

Altars:
Qazlal


Innate Abilities, Weirdness & Mutations

You have a pair of horns on your head.
You reflexively headbutt those who attack you in melee.


Message History

There is a stone staircase leading up here.
r - a scroll labelled ONWOM CULUGAVA
There is an escape hatch in the ceiling here.
You now have 73 gold pieces (gained 18).
An adder comes into view.
The adder hisses angrily.
An adder is nearby!
A sky beast comes into view.
You barely miss the adder. Your headbutt misses the adder.
The adder barely misses you.
You hit the adder. Your headbutt misses the adder.
The adder is lightly wounded.
The adder bites you but does no damage. The adder closely misses you.
You furiously retaliate!
You headbutt the adder!
You kill the adder!
Trog accepts your kill.
Found a stormy altar of Qazlal.
The sky beast flickers out of sight!
Deactivating autopickup; reactivate with Ctrl-A.
No target in view!
No target in view!
Something hits you. Something shocks you. Something hits you.
Something shocks you. Something hits you but does no damage.
Something hits you. Something shocks you. Something hits you.
* * * LOW HITPOINT WARNING * * *
Something shocks you.
* * * LOW HITPOINT WARNING * * *
A sky beast appears from thin air!
Reactivating autopickup.
A red film seems to cover your vision as you go berserk!
You feel yourself moving faster!
You feel mighty! The sky beast barely misses you. You furiously retaliate!
You headbutt the sky beast! You closely miss the sky beast.
Your headbutt misses the sky beast.
The sky beast is heavily wounded.
The sky beast hits you.
* * * LOW HITPOINT WARNING * * *
The sky beast shocks you.
You die...

##....#######...#####.#
#.#<## ###..## ...#.#
##....## ####.#
##......##
#.#.####...#....##
..........###......
.#.###..## ##..### ...
#.## ##.# #.# #..##
##.@# #.#.###.#Y#
#.##.#.##.# #.###.###.#
#.# #.# #.# #.###.###.#
......#...#####
#.......#.....#
#####...###.#


You could see a sky beast.

Vanquished Creatures
  An adder (D:3)
  2 worms (D:2)
  5 ball pythons
  A bat (D:1)
  4 endoplasms
  A giant cockroach (D:1)
  3 goblins
  4 hobgoblins
  3 quokkas
  5 kobolds
  A rat (D:1)
30 creatures vanquished.

Notes
Turn   | Place    | Note
-------+----------+-------------------------------------------
     0 | D:1      | Kranky the Minotaur Berserker began the quest for the Orb.
     0 | D:1      | Reached XP level 1. HP: 19/19 MP: 0/0
   141 | D:1      | Reached XP level 2. HP: 27/27 MP: 1/1
   786 | D:2      | Reached XP level 3. HP: 33/33 MP: 2/2
   950 | D:2      | Found a stormy altar of Qazlal.
  1162 | D:2      | Reached ** piety under Trog
  1440 | D:3      | Noticed a sky beast
  1444 | D:3      | Found a stormy altar of Qazlal.
  1456 | D:3      | Slain by a sky beast

Illustrated notes

Levels and vault maps discovered:
D:1:      minmay_arrival_shattered_statue, layout_loops_ring,
          minmay_indecisive_spiral
D:2:      layout_loops_ring, basic_altar,
          nicolae_concentric_dashed_squares_wild,
          chequers_serial_rivers_small_a, grunt_ministairs_12, hex_tiny
D:3:      layout_loops_ring, nicolae_qazlal_beasts_of_the_sky,
          mainiacjoe_overflow_chevrons, lemuel_crystal_altar, serial_shops,
          shop, kennysheep_small_spiral

Skill      XL: |  1  2 |
---------------+-------+-----
Fighting       | 4 |  4.2
Polearms       | 4 |  4.1
Armour         | 3 |  3.2
Dodging        | |  2.8

Action                     || total
---------------------------++-------
  Melee: Spear             ||   106
         Headbutt          ||    11
 Invoke: Berserk           ||     1
   Stab: Sleeping          ||     1
 Armour: Animal skin       ||    10
  Dodge: Dodged            ||    49
